 Dungeon Crawl Stone Soup version 0.31.0 (webtiles) character file.

Game seed: 933394851329541549

98 apoch the Trooper (level 4, -6/30 (33) HPs)
             Began as an Octopode Berserker on Jan 20, 2024.
             Was a Believer of Trog.
             Mangled by a kobold brigand
             ... wielding a +0 dagger of draining
              (8 damage)
             ... on level 3 of the Dungeon.
             The game lasted 00:04:29 (2483 turns).

apoch the Trooper (Octopode Berserker)              Turns: 2483, Time: 00:04:30

HP:   -6/30 (33)    AC:  1    Str: 18    XL:     4   Next: 71%
MP:   4/4           EV: 13    Int:  9    God:    Trog [**....]
Gold: 102           SH:  0    Dex: 11    Spells: 3/3 levels left

rFire   . . .        j - +0 war axe
rCold   . . .        (no shield)
rNeg    . . .        (helmet restricted)
rPois   .            (no amulet)
rElec   .            (no ring)
rCorr   .            (no ring)
SInv    .            (no ring)
Will    .....        (no ring)
Stlth   +++          (no ring)
HPRegen 0.25/turn    (no ring)
MPRegen 0.09/turn    (no ring)
                     (no ring)

%: no passive effects
@: drained
A: almost no armour, amphibious, 8 rings, camouflage 1, gelatinous body 1,
(nimble swimmer 1), tentacles
a: Renounce Religion, Berserk, Trog's Hand


You were on level 3 of the Dungeon.
You worshipped Trog.
Trog was pleased with you.
You visited 1 branch of the dungeon, and saw 3 of its levels.

You collected 102 gold pieces.

Inventory:

Hand Weapons
 a - a +0 hand axe
 j - a +0 war axe (weapon)
Missiles
 f - 2 throwing nets (quivered)
 m - 6 javelins
 o - 8 stones
 p - 6 boomerangs
Scrolls
 b - 6 scrolls of identify {unknown}
 c - a scroll of teleportation {unknown}
 k - a scroll of poison {unknown}
Potions
 d - a potion of invisibility {unknown}
 e - a potion of might {unknown}
 g - a potion of heal wounds {unknown}
 h - a potion of curing {unknown}
 i - a potion of degeneration {unknown}
 l - a potion of brilliance {unknown}
 n - a potion of resistance {unknown}


   Skills:
 + Level 3.6 Fighting
 + Level 3.6 Axes
 + Level 3.6 Dodging
 + Level 2.8 Stealth


You had 3 spell levels left.
You didn't know any spells.
Your spell library was empty.

Dungeon Overview and Level Annotations

Branches:
Dungeon (3/15)

Altars:
Cheibriados
Nemelex Xobeh

Shops:
D:1 (


Innate Abilities, Weirdness & Mutations

You cannot wear most types of armour.
You are amphibious.
You can wear up to eight rings at the same time.
Your skin changes colour to match your surroundings (Stealth+).
Your rubbery body absorbs attacks. (AC +1, EV +1)
((You are camouflaged when in or above water. (Stealth+)))
You have tentacles for arms and can constrict up to eight enemies at once.


Message History

A hobgoblin and a kobold come into view.
The kobold shouts!
A hobgoblin comes into view. It is wielding a +0 club.
There are monsters nearby!
A kobold comes into view. It is wielding a +0 club.
A kobold brigand comes into view.
It is wielding a +0 dagger of draining and quivering poisoned darts.
A kobold comes into view. It is wielding a +0 dagger.
The kobold hits you with a +0 club.
The hobgoblin shouts!
You barely miss the kobold.
The kobold brigand shouts!
The kobold shouts! x2; The hobgoblin shouts!
Your grab misses the kobold. Your squeeze misses the kobold.
You barely miss the hobgoblin. The kobold hits you with a +0 club.
The hobgoblin hits you with a +0 club.
You closely miss the kobold. Your grab misses the kobold.
You closely miss the hobgoblin. The kobold hits you with a +0 club.
The hobgoblin barely misses you. The hobgoblin hits you with a +0 club!
You miss the kobold. You grab the kobold. You squeeze the kobold.
You kill the kobold!
Trog accepts your kill.
You closely miss the hobgoblin. The hobgoblin barely misses you.
The kobold brigand hits you with a +0 dagger of draining.
You feel drained.
Things that are here:
a +0 club; a kobold corpse You barely miss the kobold brigand.
You grab the kobold brigand. You hit the hobgoblin but do no damage.
You closely miss the hobgoblin. You constrict the kobold brigand.
The kobold brigand hits you with a +0 dagger of draining.
* * * LOW HITPOINT WARNING * * *
You feel drained.
* * * LOW HITPOINT WARNING * * *
The hobgoblin hits you with a +0 club.
* * * LOW HITPOINT WARNING * * *
The hobgoblin closely misses you.
You slash the kobold brigand! You squeeze the kobold brigand.
The kobold brigand is heavily wounded.
You barely miss the hobgoblin. x2; You constrict the kobold brigand.
The kobold brigand hits you with a +0 dagger of draining!
You die...

..............## +..........
..............##..
#.....##.##
######........#..# #.....'..#
# #........#..# #.....####
#### #........#..## #.....#
...# #.......###..# #....##
...# #.......###KK# #....#
...#########..##gK# #....#
............#.##@g# #....#
............#.~#..## ##....##
.....[......#.~##..# #......#
...)......###.~~#..###......#
..........##..~~##..##......#
..........##.~~≈≈#..##......#
........###..~~~≈#..##......#
##########..#~~~≈#..##......#
# #####...##~~##..##......#


You could see a kobold brigand, 2 hobgoblins and 2 kobolds.

Vanquished Creatures
  4 adders (D:2)
  2 dart slugs
  A ribbon worm (D:2)
  An orc (D:3)
  7 ball pythons
  4 endoplasms
  2 giant cockroaches
  5 goblins
  4 hobgoblins
  2 jackals (D:3)
  A quokka (D:1)
  8 bats
  5 frilled lizards
  5 kobolds (D:3)
  2 rats
53 creatures vanquished.

Notes
Turn   | Place    | Note
-------+----------+-------------------------------------------
     0 | D:1      | apoch the Octopode Berserker began the quest for the Orb.
     0 | D:1      | Reached XP level 1. HP: 16/16 MP: 1/1
   109 | D:1      | Reached skill level 1 in Stealth
   109 | D:1      | Reached XP level 2. HP: 20/21 MP: 2/2
   485 | D:1      | Found Tanumomp's Weapon Emporium.
   672 | D:1      | Reached XP level 3. HP: 23/26 MP: 3/3
  1310 | D:2      | Reached ** piety under Trog
  1420 | D:2      | Reached XP level 4. HP: 31/31 MP: 4/4
  1861 | D:3      | Found a sparkling altar of Nemelex Xobeh.
  1890 | D:3      | Found a snail-covered altar of Cheibriados.
  2476 | D:3      | Noticed a kobold brigand
  2483 | D:3      | Mangled by a kobold brigand

Illustrated notes

Levels and vault maps discovered:
D:1:      dpeg_arrival_signposts, layout_basic, serial_glass, glass_columns_b,
          glass_columns_a, serial_shops, nicolae_shop_tiny_real_fake_doors,
          minmay_shallow_snake_nest
D:2:      layout_basic
D:3:      cheibrodos_thug_alley, layout_basic, grunt_temple_overflow_open

Skill      XL: |  1  2  3 |
---------------+----------+-----
Stealth        | 1 2 |  2.8
Fighting       | |  3.6
Axes           | |  3.6
Dodging        | |  3.6

Action                     |  1- 3 |  4- 6 || total
---------------------------+-------+-------++-------
  Melee: Hand axe          |    63 |     1 ||    64
         Constrict         |    14 |    12 ||    26
         Punch             |     2 |       ||     2
         Tentacles         |     8 |     9 ||    17
         War axe           |       |    41 ||    41
   Stab: Sleeping          |     5 |     5 ||    10
 Armour: Skin              |    34 |    31 ||    65
  Dodge: Dodged            |    54 |    35 ||    89
